 Dungeon Crawl Stone Soup version 0.23.2 (webtiles) character file.

Game seed: 276540262493655097

161 Peloso the Skirmisher (level 5, -1/47 HPs)
             Began as a Minotaur Fighter on Apr 12, 2019.
             Slain by Crazy Yiuf
             ... wielding a +4 quarterstaff of chaos
              (4 damage)
             ... on level 2 of the Dungeon.
             The game lasted 00:04:35 (2078 turns).

Peloso the Skirmisher (Minotaur Fighter)            Turns: 2078, Time: 00:04:36

Health: -1/47      AC:  9    Str: 21    XL:     5   Next: 19%
Magic:  4/4        EV:  8    Int:  5    God:
Gold:   130        SH:  9    Dex: 10    Spells: 4/4 levels left

rFire    . . .     SeeInvis .   a - +0 long sword
rCold    . . .     Gourm    .   c - +0 shield
rNeg     . . .     Faith    .   b - +0 scale mail
rPois    .         Spirit   .   (helmet restricted)
rElec    .         Reflect  .   j - +1 cloak
rCorr    .         Harm     .   (no gloves)
MR       .....                  (no boots)
Stlth    ..........             (no amulet)
HPRegen  0.15/turn              (no ring)
MPRegen  0.09/turn              (no ring)

@: no status effects
A: retaliatory headbutt, horns 2
a: no special abilities


You were on level 2 of the Dungeon.
You were very hungry.

You visited 1 branch of the dungeon, and saw 3 of its levels.
You visited the Abyss 1 time.

You collected 130 gold pieces.

Inventory:

Hand Weapons
 a - a +0 long sword (weapon)
 o - a +0 spear of flaming
Armour
 b - a +0 scale mail (worn)
 c - a +0 shield (worn)
 j - a +1 cloak (worn)
Jewellery
 v - an uncursed ring of magical power {unknown}
Wands
 k - a wand of flame (12)
Scrolls
 e - a scroll of enchant weapon {unknown}
 g - a scroll of enchant armour {unknown}
 i - 6 scrolls of identify {unknown}
 n - a scroll of magic mapping {unknown}
 p - 4 scrolls of remove curse {unknown}
 s - a scroll of fog {unknown}
 t - 2 scrolls of blinking {unknown}
 u - a scroll of immolation {unknown}
Potions
 d - a potion of might
 h - a potion of mutation {unknown}
 l - a potion of magic {unknown}
 m - a potion of brilliance {unknown}
 q - a potion of flight {unknown}
 r - a potion of curing {unknown}
Comestibles
 f - 3 rations


   Skills:
 + Level 4.8 Fighting
 + Level 3.9 Long Blades
 + Level 4.5 Armour
 + Level 0.7 Dodging
 + Level 4.6 Shields


You had 4 spell levels left.
You didn't know any spells.
Your spell library was empty.

Dungeon Overview and Level Annotations

Branches:
Dungeon (3/15)

Altars:
Cheibriados
Nemelex Xobeh

Annotations:
D:2 Crazy Yiuf


Innate Abilities, Weirdness & Mutations

You reflexively headbutt those who attack you in melee.
You have a pair of horns on your head.


Message History

A ynoxinul comes into view.
The ynoxinul bellows!
The ynoxinul gestures.
The ufetubus shouts!
You are feeling very hungry.
The ynoxinul gestures at you. The iron shot hits you!
A large abomination comes into view.
You block the large abomination's attack.
The large abomination hits you!!
Ouch! That really hurt!
* * * LOW HITPOINT WARNING * * *
Found a gateway leading out of the Abyss.
The ynoxinul gestures.
There is a gateway leading out of the Abyss here.
You pass through the gate.
Welcome back to the Dungeon!
Level annotation: Crazy Yiuf Crazy Yiuf hits you with a +4 quarterstaff of chaos.
You die...

(.#...........# #.#
#.# ....>........##
#.# #.#
....#####....# #.#
#.# .......#######
### #.# .......# #.#
.......##♣♣♣♣♣ #.#
........#..♣.♣♣♣ ####
#.#
.........P..♣..♣#...#
#.#
....#....)P♣♣♣♣g@...#
#.# ..###.).#P♣♣
♣♣#..)# #.#
..###..##♣♣ #### #.#
.......# #.# .......#
#.#
.......###########
### #.#
##...............#
#(# #.#
##..............# #.#
#.# #.........######
#.# #.#


You could see Crazy Yiuf.

Vanquished Creatures
  Ijyb (D:3)
  Robin (D:3)
  3 adders (D:3)
  3 oozes
  A dart slug (D:1)
  2 leopard geckos
  6 bats
  A giant cockroach (D:1)
  16 goblins
  14 hobgoblins
  9 jackals
  2 ball pythons (D:1)
  A frilled lizard (D:1)
  6 kobolds
  11 rats
77 creatures vanquished.

Notes
Turn   | Place    | Note
-------+----------+-------------------------------------------
     0 | D:1      | Peloso the Minotaur Fighter began the quest for the Orb.
     0 | D:1      | Reached XP level 1. HP: 19/19 MP: 0/0
    78 | D:1      | Reached XP level 2. HP: 27/27 MP: 1/1
   249 | D:1      | Reached XP level 3. HP: 21/33 MP: 2/2
   815 | D:2      | You fall through a shaft!
   893 | D:3      | Reached XP level 4. HP: 41/41 MP: 3/3
  1009 | D:3      | Noticed Ijyb
  1023 | D:3      | Killed Ijyb
  1056 | D:3      | Found a snail-covered altar of Cheibriados.
  1102 | D:3      | Noticed Robin
  1123 | D:3      | Killed Robin
  1188 | D:3      | Reached XP level 5. HP: 47/47 MP: 4/4
  1197 | D:3      | Found a sparkling altar of Nemelex Xobeh.
  1854 | D:2      | Found a runed translucent door.
  1855 | D:2      | Noticed Crazy Yiuf
  2001 | D:2      | Cast into level 1 of the Abyss (Crazy Yiuf)
  2050 | Abyss:1  | Noticed a spatial vortex
  2050 | Abyss:1  | Noticed a spatial vortex
  2059 | Abyss:1  | Noticed a ynoxinul
  2066 | Abyss:1  | Noticed a large abomination
  2069 | Abyss:1  | HP: 2/47 [large abomination (32)]
  2078 | D:2      | Escaped the Abyss
  2078 | D:2      | Slain by Crazy Yiuf

Skill      XL: |  1  2  3  4 |
---------------+-------------+-----
Fighting       | 4 |  4.8
Shields        | 4 |  4.6
Armour         | 4 |  4.5
Long Blades    | 3 |  3.9
Dodging        | |  0.7

Action                   |  1- 3 |  4- 6 || total
-------------------------+-------+-------++-------
Melee: Long sword        |    93 |    79 ||   172
       Headbutt          |    17 |    11 ||    28
  Eat: Chunk             |       |     3 ||     3
Armor: Scale mail        |    49 |    70 ||   119
Dodge: Dodged            |    33 |    32 ||    65
Block: Shield            |    49 |    59 ||   108
       Rpst.: Long sword |    11 |    10 ||    21
